 Dungeon Crawl Stone Soup version 0.31.0-11-ge490571c62 (webtiles) character file.

Game seed: 15765528689404829765

14 ProzacElf the Gusty (level 2, 0/24 HPs)
             Began as an Armataur Wanderer on Jan 29, 2024.
             Slain by a quokka (1 damage)
             ... on level 1 of the Dungeon.
             The game lasted 00:01:49 (324 turns).

ProzacElf the Gusty (Armataur Wanderer)              Turns: 324, Time: 00:01:50

Health: 0/24       AC:  4    Str: 16    XL:     2   Next: 31%
Magic:  4/5        EV:  9    Int: 15    God:
Gold:   24         SH:  0    Dex:  7    Spells: 4/6 levels left

rFire   . . .        a - +0 hand axe
rCold   . . .        (no shield)
rNeg    . . .        c - +0 leather armour
rPois   .            (no helmet)
rElec   .            (no cloak)
rCorr   .            (no gloves)
SInv    .            (no barding)
Will    .....        (no amulet)
Stlth   +            (no ring)
HPRegen 0.24/turn    (no ring)
MPRegen 0.42/turn

%: roll
@: very slightly contaminated
A: large, deformed body, tough skin 3, armoured tail, roll 1
a: no special abilities


You were on level 1 of the Dungeon.
You visited 1 branch of the dungeon, and saw 1 of its levels.

You collected 24 gold pieces.

Inventory:

Hand Weapons
 a - a +0 hand axe (weapon)
 i - a +0 club
Missiles
 h - 4 poisoned darts (quivered)
Armour
 c - a +0 leather armour (worn)
Talismans
 f - a storm talisman
Scrolls
 b - a scroll of teleportation
 d - a scroll of fog
 g - a scroll of identify {unknown}
Potions
 e - a potion of lignification {unknown}


   Skills:
 - Level 1.7 Fighting
 + Level 0.9 Maces & Flails
 - Level 1.0 Dodging
 + Level 1.8 Stealth
 - Level 2.6 Spellcasting
 + Level 2.9 Air Magic


You had 4 spell levels left.
You knew the following spells:

 Your Spells              Type           Power      Damage    Failure   Level
a - Shock                 Conj/Air       24%        1d4       14%         1
j - Summon Small Mammal   Summ           8%         N/A       26%         1

Your spell library contained the following spells:

 Spells                   Type           Power      Damage    Failure   Level
 Mephitic Cloud           Conj/Alch/Air  4%         N/A       45%         3
 Call Canine Familiar     Summ           2%         N/A       58%         3
 Sigil of Binding         Hex            2%         N/A       58%         3
 Airstrike                Air            5%         2d(1-17)  58%         4
 Dimensional Bullseye     Hex/Tloc       1%         N/A       94%         4


Dungeon Overview and Level Annotations

Branches:
Dungeon (1/15)

Altars:


Innate Abilities, Weirdness & Mutations

Armour fits poorly on your strangely shaped body.
You have extremely tough skin. (AC +3)
You have a long armoured tail.
You regenerate magic when rolling toward enemies. (Rampage MPRegen)


Message History

Ye miscast Summon Small Mammal.
Ye be very lightly contaminated wit' residual magic.
Nuthin' appears ta happ'n.
Tha quokka closely misses ye.
Tha hobgoblin closely misses ye.
Castin': Summon Small Mammal (safe; 26% risk o' failure) Confirm wit' . or Enter, or press ? or * ta list all spells.
Tha quokka completely misses ye.
Tha hobgoblin barely misses ye.
Tha quokka attacks as it pursues ye!
Tha quokka bites ye.
* * * LOW HITPOINT WARNIN'
* * * Ye take 1 damage, an' haf 3/24 hp.
Tha quokka closely misses yer rat.
Tha hobgoblin attacks as it pursues ye!
Tha hobgoblin hits ye but does nay damage.
Tha quokka bites yer rat.
Yer rat dies!
Yer rat's corpse disappears in a puff o' smoke!
Ye closely miss tha hobgoblin.
Yer tail-slap misses tha hobgoblin.
Tha hobgoblin be heavily wounded.
Tha hobgoblin hits ye but does nay damage.
Ye barely miss tha hobgoblin.
Tha hobgoblin be heavily wounded.
Ye miss tha quokka.
Tha quokka bites ye but does nay damage.
Tha hobgoblin hits ye but does nay damage.
Tha quokka bites ye.
* * * LOW HITPOINT WARNIN'
* * * Tha hobgoblin hits ye but does nay damage.
Ye take 1 damage, an' haf 2/24 hp.
Tha quokka bites ye.
* * * LOW HITPOINT WARNIN'
* * * Yer magical contamination has completely faded away.
Ye take 1 damage, an' haf 1/24 hp.
Castin': Summon Small Mammal (safe; 26% risk o' failure) Confirm wit' . or Enter, or press ? or * ta list all spells.
Aimin': Shock (safe; 14% risk o' failure)
Press: ? - help, Shift-Dir - straight line, f - hobgoblin
Aim: a hobgoblin (heavily wounded, 64% ta hit) Ye miscast Shock.
Ye be very lightly contaminated wit' residual magic.
Nuthin' appears ta happ'n.
Tha quokka bites ye.
Ye die...

....#.†....# #.#...#
#...†....####.#...####
#####.#....##..........##
..###.#....#............##
...##.#..................#
......#####........!.....#
.....## #..............#
....## #.....gr.......#
...## #.....@....$...#
....# ##............##
....# ##.......$..## ....#
############ ...##


You could see a quokka and a hobgoblin.

Vanquished Creatures
  2 ball pythons (D:1)
  A bat (D:1)
  An endoplasm (D:1)
  A goblin (D:1)
  2 hobgoblins (D:1)
  A quokka (D:1)
  A frilled lizard (D:1)
  4 rats (D:1)
13 creatures vanquished.

Notes
Turn   | Place    | Note
-------+----------+-------------------------------------------
     0 | D:1      | ProzacElf the Armataur Wanderer began the quest for the
                  | Orb.
     0 | D:1      | ProzacElf set off with the following items: a +0 club, a
                  | scroll of teleportation, a +0 leather armour, a scroll of
                  | fog; and the following spells available to memorise: Shock,
                  | Summon Small Mammal, Mephitic Cloud, Call Canine Familiar,
                  | Airstrike.
     0 | D:1      | Reached XP level 1. HP: 17/17 MP: 4/4
   163 | D:1      | Learned a level 1 spell: Shock
   165 | D:1      | Learned a level 1 spell: Summon Small Mammal
   204 | D:1      | Reached XP level 2. HP: 20/24 MP: 5/5
   323 | D:1      | HP: 1/24 [quokka (2)]
   324 | D:1      | Slain by a quokka

Illustrated notes

Levels and vault maps discovered:
D:1:      nzn_arrival_settlement, layout_rooms, interstate_on_off

Action                     || total
---------------------------++-------
  Melee: Club              ||    37
         Tailslap          ||     3
         Hand axe          ||    18
   Cast: Summon Small Mamm ||     2
   Stab: Sleeping          ||     1
 Armour: Leather armour    ||    67
  Dodge: Dodged            ||    45

Action                     || total
---------------------------++-------
  Melee: Club              ||    37
         Tailslap          ||     3
         Hand axe          ||    18
   Cast: Summon Small Mamm ||     2
   Stab: Sleeping          ||     1
 Armour: Leather armour    ||    67
  Dodge: Dodged            ||    45

Levels and vault maps discovered:
D:1:      nzn_arrival_settlement, layout_rooms, interstate_on_off
